 Dungeon Crawl Stone Soup version 0.30-a0-983-g7e3032bf44 (console) character file.

Game seed: 12790680329990878596

1933701 Banquo the Archmage (level 27, 221/221 HPs)
             Began as a Djinni Hedge Wizard on Apr 1, 2023.
             Was the Champion of Wu Jian.
             Escaped with the Orb
             ... and 4 runes on Apr 5, 2023!
             The game lasted 11:32:14 (96612 turns).

Banquo the Archmage (Djinni Hedge Wizard)          Turns: 96612, Time: 11:32:15

Health: 221/221    AC: 21    Str: 21    XL:     27
Gold:   10001      EV: 11    Int: 28    God:    Wu Jian [******] SH: 14 Dex:  9

rFire   + + +      SeeInvis +    a - +4 war axe of Winter {antimagic, rC+}
rCold   + . .      Faith    .    i - +1 kite shield "Xuimem" {Rampage rN++ Dex-4 Slay+2}
rNeg    + + .      Spirit   .    d - +8 chain mail of the Villain {Regen+ SInv}
rPois   ∞          Reflect  .    Z - -1 hat of Cloud Cover {Rampage Str+3}
rElec   +          Rampage  +    e - scarf {rC+ rF+}
rCorr   .          Rage     3%   g - -1 pair of gloves "Qauvyif" {Will+ Str+3}
Will    +++++                    (boots unavailable) Stlth
                                 T - amulet of regeneration
HPRegen 2.16/turn                W - ring of wizardry
MPRegen 0.00/turn                E - ring "Cyumud" {rElec Str+2 SInv}

@: flying, studying Shields
A: sickness immunity, fire resistance 2, cold vulnerability 1, float, innate
caster, HP casting, extra vitality 1, antennae 2, claws 1, berserk 1,
strong-willed 2, mutation resistance 1, strong 1
0: Orb of Zot
}: 4/15 runes: barnacled, slimy, silver, gossamer
a: Renounce Religion, Wall Jump, Serpent's Lash, Heavenly Storm


You escaped.
You worshipped Wu Jian.
Wu Jian was exalted by your worship.
You visited 12 branches of the dungeon, and saw 56 of its levels.
You visited 1 bazaar.
You also visited: Bailey, Gauntlet, Ice Cave, Volcano and Wizlab.

You collected 14826 gold pieces.
You spent 4825 gold pieces at shops.

Inventory:

Hand Weapons
 a - the +4 war axe of Winter (weapon) {antimagic, rC+}
   (You found it on level 4 of the Lair of Beasts)

   rC:        It protects you from cold.
 b - a +9 vampiric broad axe
 j - the +8 trishula "Condemnation" {holy, anguish, *Noise Fly rN+}
   (You found it on level 5 of the Pits of Slime)

   rN:        It protects you from negative energy.
   Fly:       It grants you flight.
   *Noise:    It may make noises in combat.
 Q - a +9 broad axe of flaming
Missiles
 k - 2 throwing nets
 O - 13 boomerangs of dispersal
Armour
 d - the +8 chain mail of the Villain (worn) {Regen+ SInv}
   (You found it on level 3 of the Lair of Beasts)

   SInv:      It lets you see invisible.
   Regen:     It increases your rate of health regeneration.
 e - a scarf of resistance (worn)
 g - the -1 pair of gloves "Qauvyif" (worn) {Will+ Str+3}
   (You found it on level 4 of the Vaults)

   Str:       It affects your strength (+3).
   Will:      It increases your willpower.
 h - a +2 helmet of intelligence
 i - the +1 kite shield "Xuimem" (worn) {Rampage rN++ Dex-4 Slay+2}
   (You acquired it on level 9 of the Dungeon)

   Dex:       It affects your dexterity (-4).
   Slay:      It affects your accuracy & damage with ranged weapons and melee
   (+2).
   rN:        It greatly protects you from negative energy.
   Rampage:   It bestows one free step when moving towards enemies.
 o - the +1 cloak of Starlight {*Dazzle EV+4 Stlth--}
   (You found it in a wizard's laboratory)

   *Dazzle:   It may blind those who miss an attack against the wearer in melee
   combat.
   EV:        It affects your evasion (+4).
   Stlth:     It makes you much less stealthy.
 G - a +0 tower shield of cold resistance
 Z - the -1 hat of Cloud Cover (worn) {Rampage Str+3}
   (You found it on level 4 of the Shoals)

   Str:       It affects your strength (+3).
   Rampage:   It bestows one free step when moving towards enemies.
Magical Staves
 I - the staff of air "Retib" {rElec rF+ Will++}
   (You found it on level 3 of the Elven Halls)

   [staff of air]

   Your inability to study Air Magic prevents you from drawing on the full power
   of this staff in melee.
   Base accuracy: +5 Base damage: 5 Base attack delay: 1.2 This weapon's minimum
   attack delay (0.6) is reached at skill level 12.
   rF:        It protects you from fire.
   rElec:     It insulates you from electricity.
   Will:      It greatly increases your willpower.
   It falls into the 'Staves' category.
   It is a one-handed weapon.
Jewellery
 w - the ring of Qarobid {rElec rC+ Will- Dex+2}
   (You acquired it on level 9 of the Dungeon)

   [ring of protection from cold]

   Dex:       It affects your dexterity (+2).
   rC:        It protects you from cold.
   rElec:     It insulates you from electricity.
   Will:      It decreases your willpower.
 C - a ring of protection from cold
 E - the ring "Cyumud" (right hand) {rElec Str+2 SInv}
   (You took it off a deep elf demonologist on level 3 of the Elven Halls)

   [ring of see invisible]

   Str:       It affects your strength (+2).
   rElec:     It insulates you from electricity.
   SInv:      It lets you see invisible.
 J - the amulet of Hard Scrabble {Spirit Harm rElec rF+ Str+2}
   (You found it on level 3 of the Realm of Zot)

   [amulet of guardian spirit]

   It causes incoming damage to be divided between your reserves of health and
   magic.
   Str:       It affects your strength (+2).
   rF:        It protects you from fire.
   rElec:     It insulates you from electricity.
   Harm:      It increases damage dealt and taken.
 T - an amulet of regeneration (around neck)
 U - the ring of Egingure {Fly rElec Dex+6}
   (You found it on level 3 of the Realm of Zot)

   [ring of dexterity]

   Dex:       It affects your dexterity (+6).
   rElec:     It insulates you from electricity.
   Fly:       It grants you flight.
 V - the ring of Nohock {Ice rCorr MP+9 Int+3 Slay+3 Stlth+}
   (You acquired it on level 5 of the Realm of Zot)

   [ring of ice]

   It enhances your ice magic.
   Int:       It affects your intelligence (+3).
   Slay:      It affects your accuracy & damage with ranged weapons and melee
   (+3).
   rF:        It makes you vulnerable to fire.
   rC:        It protects you from cold.
   MP:        It affects your magic capacity (+9).
   rCorr:     It protects you from acid and corrosion.
   Stlth:     It makes you more stealthy.
 W - a ring of wizardry (left hand)
 X - a +6 ring of strength
Wands
 D - a wand of digging (8)
 H - a wand of roots (52)
 R - a wand of mindburst (32)
 S - a wand of light (66)
Scrolls
 c - 7 scrolls of poison
 n - 37 scrolls of teleportation
 q - 14 scrolls of fear
 r - 6 scrolls of noise
 x - 9 scrolls of blinking
 L - 7 scrolls of enchant armour
 M - 5 scrolls of silence
 P - 6 scrolls of fog
 Y - 6 scrolls of summoning
Potions
 f - 4 potions of brilliance
 l - 2 potions of invisibility
 p - 6 potions of cancellation
 t - 12 potions of heal wounds
 u - 10 potions of might
 v - 10 potions of ambrosia
 y - 4 potions of mutation
 z - 4 potions of haste
 B - 29 potions of curing
 K - 2 potions of resistance
Miscellaneous
 s - a lightning rod (4/4)
 F - a phantom mirror
 N - a box of beasts


   Skills:
 + Level 25.1 Fighting
 - Level 13.0 Axes
 - Level 15.6 Armour
 - Level 12.0 Dodging
 - Level 1.5 Stealth
 - Level 18.0 Shields
 O Level 27 Spellcasting


You knew the following spells:

 Your Spells              Type           Power      Damage    Failure   Level
a - Magic Dart            Conj           100%       1d8       0%          1
b - Wereblood             Tmut           100%       N/A       0%          2
c - Mephitic Cloud        Conj/Pois/Air  100%       N/A       0%          3
d - Death Channel         Necr           56%        N/A       0%          6
e - Enfeeble              Hex            56%        N/A       1%          7
f - Freeze                Ice            100%       1d10      0%          1
g - Gell's Gravitas       Tloc           100%       N/A       0%          3
h - Iron Shot             Conj/Erth      56%        9d11      0%          6
i - Call Imp              Summ           100%       N/A       0%          2
j - Ignition              Fire           56%        3d15      1%          8
m - Iskenderun's Mystic   Conj/Tloc      100%       2d19      0%          4
r - Frozen Ramparts       Ice            100%       1d16      0%          3
s - Slow                  Hex            100%       N/A       0%          1
v - Polar Vortex          Ice            56%        N/A       3%          9
A - Alistair's Intoxicat  Tmut/Pois      74%        N/A       0%          5
B - Blink                 Tloc           100%       N/A       0%          2
M - Malign Gateway        Summ/Tloc      56%        N/A       1%          7
P - Borgnjor's Revivific  Necr           56%        N/A       1%          8
Your spell library was empty.

Dungeon Overview and Level Annotations

Branches:
Dungeon (15/15)            Temple (1/1) D:5            Lair (5/5) D:9
 Shoals (4/4) Lair:3       Spider (4/4) Lair:3        Slime (5/5) Lair:5
    Orc (2/2) D:11            Elf (3/3) Orc:2        Vaults (5/5) D:14
  Crypt (3/3) Vaults:3       Tomb (0/3) Crypt:3      Depths (4/4) D:15
    Zot (5/5) Depths:4     Bailey (visited)           IceCv (visited)
Volcano (visited)          WizLab (visited)         Gauntlet (visited)

Altars:
Ashenzari
Cheibriados
Dithmenos
Elyvilon
Fedhas
Hepliaklqana
Makhleb
Nemelex Xobeh
Okawaru
Qazlal
Ru
Uskayaw
Wu Jian
Xom
Yredelemnul
Zin
The Shining One
Jiyva

Shops:
D:5 :   D:8 :*   D:10 ([**   Orc:2 *!*((   Elf:2 (   Elf:3 (   Shoals:2 [
Vaults:5 ?!?   Depths:1 *   Depths:2 ([?*   Depths:4 (

Portals:
Hell: Depths:1 Depths:2 Depths:3 Depths:4
Abyss: Depths:3
Pandemonium: Depths:2 Depths:4
Ziggurat: Depths:2

Annotations:
Elf:2 3 runed translucent doors


Innate Abilities, Weirdness & Mutations

You are immune to sickness and miasma.
You are immune to poison.
Your flesh is very heat resistant. (rF++)
You are vulnerable to cold. (rC-)
You float through the air rather than walking.
You learn spells naturally, not from books.
Your magical power is your life essence.
You have superior vitality. (+4 MHP)
You have a pair of antennae on your head.
You have sharp fingernails.
You sometimes lose your temper in combat.
You are highly strong-willed. (Will++)
You are somewhat resistant to further mutation.
Your muscles are strong. (Str +4, Int/Dex -1)


Message History

Okay, then.
You fly upwards.
There is a stone staircase leading down here.
(D) Dungeon (T) Temple (L) Lair (A) Shoals (N) Spider Nest (M) Slime Pits (O) Orcish Mines (E) Elven Halls (V) Vaults (C) Crypt (W) Tomb (U) Depths (H) Hell (Z) Zot
Where to? (* - list waypoints, Enter - D:1, ? - help) HP restored.
There is a stone staircase leading up here.
You fly upwards.
There is a stone staircase leading down here.
There is a stone staircase leading up here.
You fly upwards.
There is a stone staircase leading down here.
There is a stone staircase leading up here.
You fly upwards.
There is a stone staircase leading down here.
There is a stone staircase leading up here.
You fly upwards.
There is a stone staircase leading down here.
Things that are here:
2 poisoned darts; a +0 dagger
There is a stone staircase leading up here.
You fly upwards.
There is a stone staircase leading down here.
There is a stone staircase leading up here.
You fly upwards.
There is a stone staircase leading down here.
There is a stone staircase leading up here.
You fly upwards.
There is a stone staircase leading down here.
Aiming: Dig
Press: ? - help, Shift-Dir - straight line A rock wall.
This square is covered in magical glow.
The rock shatters into small pieces.
There is a staircase leading out of the dungeon here.
Enter note: Woot!
Wu Djiann You have escaped!

#........#.....#...#....
#######.........).......
####.....#......######
#>..............# ##
#####.###..#....# #.
#8'''8#.......#####.
#.###.#.....).......
##...#..####.######.
#..@..#......# ##
########..##########
#............
#.#.......###
#.##......# #
#.........# #
#.........###
#######..........#^
#.....).#....#...#.


There were no monsters in sight!

Vanquished Creatures
  the Royal Jelly (Slime:5)
  3 dread liches
  3 ancient liches
  11 orbs of fire
  A juggernaut (Depths:4)
  5 Killer Klowns
  3 curse toes (Zot:3)
  Xtahua (Vaults:3)
  A caustic shrike (Depths:4)
  10 golden dragons
  Arachne (Spider:2)
  2 bone dragons (Depths:4)
  A Tzitzimitl (Depths:1)
  the Enchantress (Depths:3)
  2 electric golems
  A Hell Sentinel (D:15)
  Rupert (Lair:5)
  8 tentacled monstrosities
  A lich (Depths:2)
  A walking divine tome (Depths:4)
  24 Orb Guardians
  2 deep elf master archers (Elf:3)
  8 quicksilver dragons
  6 titans
  3 ancient champions
  Gastronok (Lair:1)
  A tentacled starspawn (WizLab)
  14 acid blobs
  11 death cobs
  An eldritch tentacle (WizLab)
  A sphinx (Vaults:4)
  7 tengu reavers
  8 shadow dragons
  Roxanne (Elf:3)
  10 storm dragons
  6 rockslimes
  11 draconian monks
  3 fire giants
  9 azure jellies
  8 draconian knights
  3 revenants
  11 vault wardens
  6 frost giants
  4 curse skulls
  3 deep elf sorcerers
  A balrug (Depths:2)
  An emperor scorpion (Spider:4)
  6 draconian shifters
  2 orc warlords
  2 cacodemons (WizLab)
  2 draconian scorchers (Zot:5)
  A caustic shrike zombie (Depths:2)
  2 draconian annihilators
  7 ghouls
  8 ghost moths
  A draconian stormcaller (Zot:5)
  12 stone giants
  12 ironbound preservers
  17 very ugly things
  The ghost of Wosux the Peltast, a journeyman GrFi of Okawaru (Spider:4)
  7 quicksilver oozes
  2 broodmothers (Spider:3)
  6 spriggan defenders
  11 ironbound thunderhulks
  A war gargoyle (Vaults:4)
  3 deep elf demonologists (Elf:3)
  8 green draconians
  Nessos (D:15)
  4 deep elf annihilators
  14 white draconians
  8 dire elephants
  5 vampire knights
  A minotaur (Gauntlet)
  13 black draconians
  Azrael (D:13)
  5 spark wasps
  A bunyip (shapeshifter) (Depths:2)
  7 purple draconians
  5 red draconians
  7 yellow draconians
  3 eidola
  5 deep elf death magi
  4 deep elf high priests
  A green death (D:15)
  11 great orbs of eyes
  5 ettins
  An entropy weaver (Vaults:2)
  8 fire dragons
  Erolcha (D:10)
  10 jiangshi
  A merfolk javelineer (Shoals:4)
  3 rakshasas
  3 spriggan zombies
  A merfolk impaler (Shoals:4)
  24 vault guards (Vaults:5)
  7 hydras
  Fannar (Lair:2)
  2 merfolk avatars
  10 yaktaur captains
  2 peacekeepers (Vaults:4)
  A spriggan skeleton (Crypt:3)
  3 spriggan air magi
  3 catoblepae (Lair:5)
  4 ironbound frosthearts
  14 centaur warriors
  2 ghost crabs (Shoals:1)
  5 ogre magi
  8 ice dragons
  7 boulder beetles
  A jorogumo (Spider:4)
  A death knight (D:8)
  9 death yaks (Lair:5)
  2 radroaches
  12 dancing weapons
  7 two-headed ogres
  A deep troll shaman (Depths:3)
  8 tengu warriors
  An alligator (shapeshifter) (Vaults:5)
  A death scarab (Spider:4)
  A spectral emperor scorpion (Spider:4)
  9 vampire magi
  5 spriggan berserkers
  A shock serpent (shapeshifter) (Vaults:5)
  Urug (Orc:2)
  9 spriggans
  6 deep elf knights
  An emperor scorpion zombie (Crypt:1)
  A soul eater (Crypt:1)
  A sun demon (Depths:2)
  6 hell knights
  5 pharaoh ants
  11 skeletal warriors
  4 skysharks
  A sun moth (Spider:4)
  A storm dragon zombie (Depths:2)
  A quicksilver dragon simulacrum (Depths:3)
  2 flayed ghosts (Crypt:3)
  3 orb spiders
  3 sea snakes
  4 shadow wraiths
  13 deep trolls
  15 phantasmal warriors
  16 ironbound convokers
  2 obsidian statues
  A kraken simulacrum (Shoals:4)
  An orange crystal statue (IceCv)
  A glowing orange brain (Slime:5)
  3 spriggan simulacra (Elf:1)
  2 bog bodies
  8 deep elf archers
  5 lindwurms
  15 harpies
  A golden dragon skeleton (Crypt:1)
  10 wizards
  4 necromancers
  22 deep elf pyromancers
  9 steelbarb worms
  6 wolf spiders
  14 deep elf zephyrmancers
  3 orc knights
  2 tengu skeletons
  17 manticores
  2 orc sorcerers
  44 ugly things
  2 shining eyes
  8 cyclopes
  2 worldbinders (WizLab)
  A wolf spider (shapeshifter) (Depths:3)
  An eleionoma zombie (Crypt:1)
  25 moths of wrath
  A cyclops (shapeshifter) (Vaults:5)
  4 fauns
  2 merfolk sirens
  A shadow dragon skeleton (Crypt:2)
  3 large abominations (WizLab)
  A toenail golem (D:15)
  A frost giant skeleton (Depths:2)
  Joseph (D:7)
  Maurice (D:12)
  3 demonic crawlers
  2 water nymphs (Shoals:4)
  6 centaur zombies (D:14)
  4 black mambas
  19 elephants
  4 torpor snails
  An eye of devastation (Lair:5)
  A gargoyle (D:10)
  A smoke demon (WizLab)
  A yellow draconian zombie (Crypt:2)
  12 vault sentinels
  14 cane toads
  4 storm dragon simulacra (IceCv)
  A sea snake zombie (Crypt:1)
  An alligator snapping turtle skeleton (Crypt:1)
  A spectral sea snake (Shoals:1)
  2 shock serpent skeletons (Crypt:2)
  6 komodo dragons
  14 yaktaurs
  A pale draconian skeleton (Crypt:1)
  3 freezing wraiths
  An ice devil (WizLab)
  2 rime drakes (Lair:3)
  An ancient zyme (WizLab)
  A harpy zombie (D:14)
  An efreet (D:15)
  An anaconda simulacrum (Elf:1)
  4 golden dragon simulacra (IceCv)
  A guardian mummy (Crypt:3)
  10 merfolk
  6 polar bears
  A red devil (Depths:2)
  2 trolls
  4 wind drakes
  4 meliai
  A queen bee (Lair:3)
  30 tarantellas
  14 human skeletons
  A shadow dragon simulacrum (Depths:2)
  A harpy skeleton (Crypt:1)
  9 hornets
  9 snapping turtles
  A dream sheep (shapeshifter) (Depths:3)
  15 blink frogs
  A snapping turtle (shapeshifter) (Elf:1)
  18 dream sheep
  Sigmund (D:3)
  55 slime creatures
  An ettin skeleton (Depths:2)
  4 air elementals
  A frost giant simulacrum (Depths:2)
  15 culicivoras
  10 flying skulls
  18 jumping spiders
  A guardian serpent skeleton (Crypt:2)
  9 wraiths
  6 fire elementals
  9 water elementals
  A vampire (D:14)
  6 shadows
  A wind drake zombie (Crypt:2)
  3 fire bats (Orc:2)
  4 golden eyes (D:15)
  8 wyverns
  11 basilisks
  57 yaks
  34 redbacks
  2 steam dragons
  7 vampire mosquitoes (D:12)
  A wind drake skeleton (Crypt:2)
  A spatial vortex (WizLab)
  A warg (shapeshifter) (Elf:1)
  A minotaur simulacrum (Elf:1)
  2 acid dragons
  A deep troll zombie (Crypt:3)
  3 harpy simulacra
  7 wargs
  3 hell hounds
  20 water moccasins
  A two-headed ogre skeleton (Crypt:3)
  2 floating eyes
  A cane toad zombie (Crypt:3)
  43 orc warriors
  4 sky beasts
  A dream sheep zombie (Crypt:3)
  2 black bears
  3 ice dragon simulacra (IceCv)
  3 boggarts
  4 ogres
  2 satyr simulacra (Shoals:4)
  14 wolves
  A dream sheep skeleton (Crypt:2)
  36 centaurs
  2 kobold brigands
  9 bullfrogs
  2 earth elementals
  A gnoll sergeant (D:8)
  6 necrophages
  A yaktaur skeleton (Crypt:1)
  A merfolk simulacrum (Shoals:4)
  3 scorpions
  A small abomination (WizLab)
  15 wights
  A water moccasin skeleton (Crypt:2)
  2 snapping turtle simulacra (Shoals:4)
  6 lindwurm simulacra
  35 killer bees
  2 manticore simulacra (Shoals:4)
  7 electric eels
  2 jellies (D:8)
  3 hounds
  14 orc priests
  A cyclops simulacrum (Shoals:4)
  A gnoll bouda (D:7)
  A centaur skeleton (Crypt:1)
  5 iguanas
  A sleepcap (D:4)
  Natasha (thrice) (D:3)
  5 hell rats (Lair:5)
  22 orc wizards
  2 boggart skeletons (Crypt:1)
  3 centaur simulacra (Shoals:4)
  12 mummies (Crypt:3)
  15 gnolls
  5 adders
  2 shadow imps (D:6)
  2 white imps
  A worm (D:2)
  3 dart slugs
  141 orcs
  7 ball pythons
  8 endoplasms
  2 giant cockroaches
  10 goblins
  8 hobgoblins
  3 jackals (D:3)
  15 kobolds
  5 quokkas
  2 bats
  A frilled lizard (shapeshifter) (Vaults:5)
  A goblin skeleton (Crypt:3)
  5 rats
  A lurking horror (WizLab)
2011 creatures vanquished.

Vanquished Creatures (collateral kills)
  3 dread liches
  An ancient lich (Zot:5)
  An orb of fire (Zot:5)
  Bai Suzhen (Shoals:4)
  Frederick (Vaults:2)
  2 caustic shrikes (Depths:4)
  3 golden dragons
  Nikola (Depths:1)
  A bone dragon (Crypt:3)
  An electric golem (Zot:5)
  6 tentacled monstrosities
  Jorgrun (Shoals:3)
  A walking crystal tome (Depths:3)
  An Orb Guardian (Zot:5)
  A titan (Vaults:5)
  Zenata (Vaults:4)
  2 deep elf blademasters (Elf:3)
  A lich (Depths:4)
  3 acid blobs
  4 death cobs
  A sphinx (Vaults:2)
  A kraken (Shoals:1)
  2 ancient champions
  3 storm dragons
  4 shadow dragons
  The ghost of fly the Severer, an adept DgDe (Shoals:4)
  3 fire giants
  4 frost giants
  Donald (Spider:2)
  The ghost of Veqic the Warrior, a journeyman DsFi of Dithmenos (Shoals:1)
  6 vault wardens
  2 iron dragons (Vaults:5)
  2 deep elf sorcerers (Elf:3)
  2 emperor scorpions
  Louise (D:15)
  Aizul (Spider:2)
  2 ghost moths
  A draconian shifter (Zot:1)
  3 deep elf elementalists (Elf:3)
  3 stone giants
  2 ghouls (Crypt:3)
  6 ironbound preservers
  A war gargoyle (Vaults:4)
  2 quicksilver oozes
  6 green draconians
  9 very ugly things
  A black draconian (Zot:1)
  2 dire elephants
  2 deep elf demonologists (Elf:3)
  A yellow draconian (Zot:3)
  A spark wasp (Spider:2)
  3 purple draconians
  4 deep elf annihilators (Elf:3)
  2 red draconians (Zot:1)
  2 ettins
  A deep elf death mage (Vaults:5)
  2 spectral krakens (Shoals:1)
  4 fire dragons
  2 jiangshi (Depths:4)
  4 yaktaur captains
  2 deep elf high priests
  4 merfolk impalers (Shoals:4)
  3 merfolk javelineers
  4 entropy weavers
  A great orb of eyes (Vaults:3)
  2 peacekeepers (Vaults:4)
  3 ice dragons
  A jorogumo (shapeshifter) (Vaults:3)
  A death knight (Crypt:1)
  2 ironbound frosthearts
  4 two-headed ogres
  A satyr (Shoals:3)
  3 boulder beetles
  4 merfolk avatars
  4 merfolk aquamancers (Shoals:4)
  2 centaur warriors (Vaults:3)
  A tengu warrior (D:15)
  A titan zombie (Depths:3)
  A vampire mage (Depths:1)
  8 hell knights
  A soul eater (Vaults:3)
  3 deep elf knights (Elf:1)
  A sun moth (Spider:4)
  A skyshark (Shoals:1)
  A spectral ghost moth (Spider:4)
  4 skeletal warriors (Crypt:1)
  A sea snake (shapeshifter) (Vaults:2)
  18 deep trolls
  5 orb spiders
  A glowing orange brain (Depths:1)
  2 steelbarb worms
  3 ironbound convokers
  A wizard (Vaults:3)
  A tengu zombie (Depths:3)
  2 necromancers (Depths:4)
  A lindwurm (Vaults:1)
  2 deep elf zephyrmancers (Elf:1)
  A sphinx zombie (Depths:2)
  3 deep elf pyromancers
  A large abomination (WizLab)
  10 harpies
  A frost giant zombie (Depths:3)
  2 orc knights (Vaults:3)
  17 ugly things
  4 wolf spiders (Spider:4)
  4 fauns
  7 cyclopes
  An orc sorcerer (Elf:1)
  6 manticores
  2 moths of wrath
  3 merfolk sirens
  A smoke demon (Depths:2)
  2 demonic crawlers
  A water nymph (Shoals:4)
  3 vault sentinels
  3 torpor snails
  An emperor scorpion simulacrum (Spider:4)
  A storm dragon simulacrum (IceCv)
  An efreet (WizLab)
  13 yaktaurs
  A golden dragon simulacrum (IceCv)
  2 ghost moth simulacra (Spider:4)
  An ice devil (WizLab)
  8 merfolk
  7 tarantellas
  A spectral manticore (Shoals:1)
  A wind drake (Shoals:4)
  A blink frog (WizLab)
  A tarantella (shapeshifter) (WizLab)
  2 snapping turtles (Shoals:4)
  4 culicivoras
  5 jumping spiders
  13 slime creatures
  A shapeshifter (Slime:4)
  A wraith (Crypt:1)
  A water elemental (Shoals:2)
  5 alligator snapping turtle simulacra (Shoals:4)
  A hog (shapeshifter) (Elf:1)
  3 sea snake simulacra (Shoals:4)
  10 redbacks
  A spectral entropy weaver (Spider:4)
  2 spatial vortices (WizLab)
  An orc warrior (D:4)
  A centaur (D:14)
  An ogre (Vaults:5)
  A spectral cyclops (Shoals:1)
  2 kobold brigands (D:14)
  An entropy weaver simulacrum (Spider:4)
  2 merfolk simulacra (Shoals:4)
  2 lindwurm simulacra (IceCv)
  A killer bee (Lair:3)
  A snapping turtle simulacrum (Shoals:4)
  An ice beast zombie (Crypt:3)
  An endoplasm (D:3)
  A kobold (D:14)
  9 tentacles (Shoals:1)
422 creatures vanquished.

Vanquished Creatures (others)
  193 eldritch tentacles
  A very ugly thing (Vaults:2)
  A vault guard (Vaults:5)
  An ice dragon (IceCv)
  A centaur warrior (Vaults:3)
  A titan zombie (Depths:3)
  A skyshark (Shoals:3)
  A necromancer (Depths:2)
  A deep elf zephyrmancer (Elf:3)
  A cyclops (Shoals:3)
  A moth of wrath (Zot:1)
  A golden dragon simulacrum (IceCv)
  A wind drake (Shoals:4)
  A culicivora (Spider:4)
  A hog (shapeshifter) (Depths:4)
  An orc warrior (Orc:2)
  An orc wizard (Orc:2)
  43 fungi
  134 plants
  2 starspawn tentacles (WizLab)
  28 tentacles
  14 withered plants
430 creatures vanquished.

Grand Total: 2863 creatures vanquished

Notes
Turn   | Place    | Note
-------+----------+-------------------------------------------
     0 | D:1      | Banquo the Djinni Hedge Wizard began the quest for the Orb.
     0 | D:1      | Banquo set off with the following spells memorised: Magic
                  | Dart, Slow, Blink, Call Imp, Mephitic Cloud.
     0 | D:1      | Reached XP level 1. HP: 15/15 MP: 0/0
   176 | D:1      | Reached XP level 2. HP: 20/22 MP: 0/0
   529 | D:1      | Reached skill level 3 in Spellcasting
   548 | D:1      | Reached XP level 3. HP: 22/26 MP: 0/0
   548 | D:1      | Learned a level 1 spell: Freeze
   616 | D:1      | Reached skill level 1 in Fighting
  1110 | D:2      | Found a faded altar of an unknown god.
  1737 | D:2      | Reached XP level 4. HP: 25/32 MP: 0/0
  2326 | D:3      | Noticed Sigmund
  2406 | D:3      | Noticed Natasha
  2412 | D:3      | Killed Natasha
  2413 | D:3      | Reached XP level 5. HP: 31/38 MP: 0/0
  2413 | D:3      | Learned a level 2 spell: Wereblood
  2648 | D:3      | Noticed Natasha
  2674 | D:3      | Killed Natasha
  2675 | D:3      | Reached skill level 4 in Spellcasting
  2778 | D:3      | Killed Sigmund
  2779 | D:3      | Reached skill level 1 in Armour
  2779 | D:3      | Reached XP level 6. HP: 34/45 MP: 0/0
  2823 | D:3      | Noticed Natasha
  2834 | D:3      | Killed Natasha
  3269 | D:3      | Reached XP level 7. HP: 38/49 MP: 0/0
  3269 | D:3      | Learned a level 3 spell: Frozen Ramparts
  3661 | D:4      | Reached skill level 5 in Spellcasting
  3736 | D:4      | Found a basalt altar of Yredelemnul.
  3780 | D:4      | Found a shadowy altar of Dithmenos.
  4301 | D:4      | Reached XP level 8. HP: 50/56 MP: 0/0
  4478 | D:4      | Found a glowing golden altar of the Shining One.
  4796 | D:5      | Entered Level 5 of the Dungeon
  5121 | D:5      | Found a stormy altar of Qazlal.
  5257 | D:5      | Found a staircase to the Ecumenical Temple.
  5262 | Temple   | Entered the Ecumenical Temple
  5302 | Temple   | Became a worshipper of the Wu Jian Council
  5392 | D:5      | Found Ylife's Vocational Training.
  5692 | D:5      | Reached skill level 6 in Spellcasting
  5738 | D:5      | Found a snail-covered altar of Cheibriados.
  5806 | D:5      | Found a hide-covered altar of Uskayaw.
  6106 | D:6      | Identified the orb of Theory {light, +Blink rF+ Slay+3}
  6581 | D:6      | Found a hazy altar of Hepliaklqana.
  6813 | D:6      | Found a blossoming altar of Fedhas.
  7232 | D:6      | Reached XP level 9. HP: 59/62 MP: 0/0
  7232 | D:6      | Learned a level 3 spell: Gell's Gravitas
  7429 | D:7      | Reached * piety under Wu Jian
  7689 | D:7      | Reached skill level 7 in Spellcasting
  7801 | D:7      | Reached skill level 5 in Dodging
  7940 | D:7      | Noticed Joseph
  8308 | D:7      | Noticed a two-headed ogre
  8797 | D:7      | Killed Joseph
  8798 | D:7      | Reached skill level 5 in Fighting
  8986 | D:7      | Reached skill level 8 in Spellcasting
  9064 | D:7      | Reached XP level 10. HP: 58/70 MP: 0/0
  9155 | D:7      | Killed a two-headed ogre
  9674 | D:8      | Noticed a death knight
  9765 | D:8      | Killed a death knight
  9766 | D:8      | Reached skill level 9 in Spellcasting
 10012 | D:8      | Noticed a two-headed ogre
 10593 | D:8      | Noticed a two-headed ogre
 10974 | D:8      | Killed a two-headed ogre
 10975 | D:8      | Reached XP level 11. HP: 63/78 MP: 0/0
 10975 | D:8      | Learned a level 4 spell: Iskenderun's Mystic Blast
 11192 | D:8      | Found Odafim's Tremendous Tomes.
 11321 | D:8      | Found Fegrah Nacri's CLEARANCE SALE!.
 11326 | D:8      | Bought a potion of haste for 70 gold pieces
 11326 | D:8      | Bought a scroll of teleportation for 21 gold pieces
 11495 | D:9      | Reached skill level 10 in Spellcasting
 11527 | D:9      | Found a flagged portal.
 11530 | D:9      | Reached ** piety under Wu Jian
 11616 | Bailey   | Entered a bailey
 12365 | Bailey   | Found the amulet of the Four Winds {rN+ Will+++ Clar}
 12868 | D:9      | Reached *** piety under Wu Jian
 13151 | D:9      | Reached skill level 11 in Spellcasting
 13767 | D:9      | Found a staircase to the Lair.
 14077 | D:9      | Noticed a skeletal warrior
 14077 | D:9      | Noticed a deep elf pyromancer
 14077 | D:9      | Noticed a manticore
 14304 | D:9      | Killed a skeletal warrior
 14305 | D:9      | Reached XP level 12. HP: 50/86 MP: 0/0
 14307 | D:8      | Reached XP level 13. HP: 56/94 MP: 0/0
 14307 | D:8      | Learned a level 5 spell: Alistair's Intoxication
 14809 | Lair:1   | Entered Level 1 of the Lair of Beasts
 15113 | Lair:1   | Noticed Gastronok
 15662 | Lair:1   | Reached skill level 12 in Spellcasting
 16196 | Lair:2   | Noticed Fannar
 16224 | Lair:2   | Killed Fannar
 17010 | Lair:2   | Reached skill level 10 in Fighting
 17019 | Lair:2   | Reached **** piety under Wu Jian
 17056 | Lair:2   | Reached skill level 13 in Spellcasting
 17874 | Lair:3   | Found a hole to the Spider Nest.
 18050 | Lair:3   | Noticed a six-headed hydra
 18062 | Lair:3   | Killed a six-headed hydra
 18251 | Lair:3   | Found a staircase to the Shoals.
 18920 | Lair:3   | Reached XP level 14. HP: 82/103 MP: 0/0
 20372 | Lair:3   | Reached skill level 10 in Dodging
 20382 | Lair:3   | Reached skill level 14 in Spellcasting
 20562 | Lair:3   | Identified the +8 chain mail of the Villain {Regen+ SInv}
 21092 | Lair:3   | Reached ***** piety under Wu Jian
 23008 | Lair:4   | Identified the +4 war axe of Winter {antimagic, rC+}
 23556 | Lair:5   | Entered Level 5 of the Lair of Beasts
 23729 | Lair:5   | Paralysed by a floating eye for 2 turns
 23947 | Lair:5   | Reached XP level 15. HP: 55/111 MP: 0/0
 23947 | Lair:5   | Learned a level 6 spell: Iron Shot
 24223 | Lair:5   | Found a viscous altar of Jiyva.
 24223 | Lair:5   | Found a staircase to the Slime Pits.
 24807 | Lair:5   | Reached skill level 15 in Spellcasting
 24850 | Lair:5   | Reached ****** piety under Wu Jian
 24941 | Lair:5   | Noticed Rupert
 24948 | Lair:5   | Killed Rupert
 27051 | Lair:1   | Killed Gastronok
 27206 | D:10     | Entered Level 10 of the Dungeon
 27226 | D:10     | Noticed Erolcha
 27230 | D:10     | Killed Erolcha
 27424 | D:10     | Found Adegon's Assorted Antiques.
 27429 | D:10     | Bought a glittering sapphire amulet for 130 gold pieces
 27429 | D:10     | Identified the amulet "Qoujos" {Acrobat Dex+2} (You bought
                  | it in a shop on level 10 of the Dungeon)
 27489 | D:10     | Found Emudufot's Antique Weapon Shop.
 27522 | D:10     | Found a sacrificial altar of Ru.
 27555 | D:10     | Found Qympo's Armour Boutique.
 27845 | D:10     | Found Vonlaes's General Store.
 27900 | D:10     | Found a glowing silver altar of Zin.
 28041 | D:10     | Found a blossoming altar of Fedhas.
 28599 | D:11     | Found an iron altar of Okawaru.
 28704 | D:11     | Found a staircase to the Orcish Mines.
 29338 | D:12     | Found a gate leading to a gauntlet.
 29348 | Gauntlet | Entered a Gauntlet
 29348 | Gauntlet | Found a transporter.
 29357 | Gauntlet | Found a transporter.
 29358 | Gauntlet | Found a transporter.
 29373 | Gauntlet | Found a transporter.
 29390 | Gauntlet | Found a transporter.
 29405 | Gauntlet | Found a transporter.
 29408 | Gauntlet | Found a transporter.
 29412 | Gauntlet | Found a transporter.
 29431 | Gauntlet | Found a large runed translucent door.
 29431 | Gauntlet | Found a large runed translucent door.
 29432 | Gauntlet | Found a large runed translucent door.
 29432 | Gauntlet | Found a large runed translucent door.
 29433 | Gauntlet | Found a large runed translucent door.
 29433 | Gauntlet | Found a large runed translucent door.
 29434 | Gauntlet | Found a large runed translucent door.
 29434 | Gauntlet | Found a runed translucent gate.
 29434 | Gauntlet | Found a runed translucent door.
 29435 | Gauntlet | Found a large runed translucent door.
 29439 | Gauntlet | Found a runed translucent gate.
 29439 | Gauntlet | Found a transporter.
 29439 | Gauntlet | Found a transporter.
 29441 | Gauntlet | Found a transporter.
 29442 | Gauntlet | Found a runed translucent door.
 29442 | Gauntlet | Found a runed translucent gate.
 29444 | Gauntlet | Found a large runed translucent door.
 29444 | Gauntlet | Found a large runed translucent door.
 29444 | Gauntlet | Found a large runed translucent door.
 29444 | Gauntlet | Found a large runed translucent door.
 29463 | Gauntlet | Found a large runed translucent door.
 29464 | Gauntlet | Found a large runed translucent door.
 29473 | Gauntlet | Found a large runed translucent door.
 29473 | Gauntlet | Found a large runed translucent door.
 29492 | Gauntlet | Found a transporter.
 29770 | Gauntlet | Reached XP level 16. HP: 84/118 MP: 0/0
 29775 | Gauntlet | Identified the +1 hat of Summertime {rN+}
 29891 | Gauntlet | Reached skill level 16 in Spellcasting
 30181 | D:12     | Noticed Maurice
 30194 | D:12     | Killed Maurice
 31649 | Orc:1    | Entered Level 1 of the Orcish Mines
 31958 | Orc:1    | Found a burning altar of Makhleb.
 32862 | Orc:2    | Entered Level 2 of the Orcish Mines
 33034 | Orc:2    | Found Gujas's Firing Range.
 33083 | Orc:2    | Reached skill level 1 in Shields
 33086 | Orc:2    | Found a dark tunnel.
 33213 | Volcano  | Entered a volcano
 33587 | Volcano  | Found a bloodstained altar of Trog.
 34173 | Orc:2    | Found a staircase to the Elven Halls.
 34243 | Orc:2    | Reached skill level 1 in Axes
 34790 | Orc:2    | Found Fuatuzot's Assorted Antiques.
 34790 | Orc:2    | Found Eneaf's Distillery.
 34790 | Orc:2    | Found Xuce's General Store.
 34794 | Orc:2    | Found Miutuuqa's Weapon Shop.
 34819 | Orc:2    | Bought a scroll labelled ZUOGITZ YMPA for 19 gold pieces
 35041 | Orc:2    | Noticed Urug
 35063 | Orc:2    | Killed Urug
 35185 | Orc:2    | Bought a heavily jewelled robe for 108 gold pieces
 35185 | Orc:2    | Identified the +0 robe of Crawling {+Inv rElec Str+2
                  | Stlth-} (You bought it in a shop on level 2 of the Orcish
                  | Mines)
 35952 | D:13     | Noticed Azrael
 35964 | D:13     | Killed Azrael
 36858 | D:14     | Reached XP level 17. HP: 101/125 MP: 0/0
 36858 | D:14     | Learned a level 7 spell: Malign Gateway
 37678 | D:14     | Found a gate to the Vaults.
 37818 | D:15     | Entered Level 15 of the Dungeon
 37921 | D:15     | Reached skill level 17 in Spellcasting
 38241 | D:15     | Noticed Nessos
 38244 | D:15     | Killed Nessos
 38419 | D:15     | Noticed Louise
 38427 | D:15     | Killed Louise
 39075 | D:15     | Found a staircase to the Depths.
 39328 | Spider:1 | Entered Level 1 of the Spider Nest
 40913 | Spider:1 | Identified the ring "Vuotax" {rN+ MP+9 Str-5 Dex+4}
 41870 | Spider:2 | Reached skill level 5 in Axes
 41903 | Spider:2 | Noticed Aizul
 41912 | Spider:2 | Killed Aizul
 41972 | Spider:2 | Reached XP level 18. HP: 72/132 MP: 0/0
 42030 | Spider:2 | Noticed Donald
 42171 | Spider:2 | Killed Donald
 42172 | Spider:2 | Reached skill level 18 in Spellcasting
 42326 | Spider:2 | Noticed Arachne
 42342 | Spider:2 | Killed Arachne
 43382 | Spider:3 | Identified the +5 chain mail "Arei" {rF+}
 43957 | Spider:4 | Entered Level 4 of the Spider Nest
 44044 | Spider:4 | Noticed Wosux's ghost (journeyman GrFi)
 44044 | Spider:4 | Found a transporter.
 45027 | Spider:4 | Reached skill level 5 in Shields
 46645 | Spider:4 | Found a transporter.
 46731 | Spider:4 | Reached XP level 19. HP: 128/140 MP: 0/0
 46731 | Spider:4 | Learned a level 6 spell: Death Channel
 46750 | Spider:4 | Got a gossamer rune of Zot
 46829 | Spider:4 | Reached skill level 19 in Spellcasting
 47076 | Spider:4 | Killed Wosux's ghost
 47152 | Spider:4 | Identified the amulet of the Heron {Reflect Rampage SH+5}
 47431 | Elf:1    | Entered Level 1 of the Elven Halls
 47542 | Elf:1    | Paralysed by an air elemental for 1 turns
 47946 | Elf:1    | Found a frozen archway.
 48096 | IceCv    | Entered an ice cave
 48804 | IceCv    | Noticed a golden dragon
 48848 | IceCv    | Killed a golden dragon
 49219 | IceCv    | Identified the ring of Lyqoev {rElec MP+9 Str+3}
 49223 | IceCv    | Identified the ring "Cuxt" {rPois rN+ MP+9}
 49520 | Vaults:1 | Entered Level 1 of the Vaults
 49523 | Vaults:1 | Identified the +0 ring mail of Vaypn {rF- rC+++ rN+++
                  | Int-5}
 49582 | Vaults:1 | You are sucked into a shaft and drop 1 floor!
 50222 | Vaults:1 | Found a flickering gateway to a bazaar.
 50234 | Bazaar   | Entered a bazaar
 50239 | Bazaar   | Found Awyuts's Armour Emporium.
 50240 | Bazaar   | Found Eniall's Armour Shoppe.
 50267 | Bazaar   | Found Laal Nev's Magic Scroll Boutique.
 50267 | Bazaar   | Found Rauna's Book Shop.
 50285 | Bazaar   | Found Fun Esk's Armour Emporium.
 50302 | Bazaar   | Bought a scroll of blinking for 90 gold pieces
 50302 | Bazaar   | Bought a scroll of teleportation for 36 gold pieces
 50302 | Bazaar   | Bought 2 scrolls of fear for 96 gold pieces
 50302 | Bazaar   | Bought a scroll of blinking for 90 gold pieces
 50302 | Bazaar   | Bought a scroll of acquirement for 624 gold pieces
 50309 | Bazaar   | Found Gadaa's Antique Armour Shoppe.
 52143 | Elf:2    | Found a runed translucent gate.
 52143 | Elf:2    | Found a runed translucent gate.
 52143 | Elf:2    | Found a runed translucent gate.
 52228 | Elf:2    | Reached XP level 20. HP: 138/148 MP: 0/0
 52280 | Elf:2    | Found Jyhogul's Weapon Emporium.
 52535 | Elf:3    | Entered Level 3 of the Elven Halls
 52540 | Elf:3    | Found a magical portal.
 52541 | Elf:3    | Identified Roxanne's Book of Permutations
 52541 | Elf:3    | Noticed Roxanne
 52711 | WizLab   | Entered The Roulette of Golubria
 52711 | WizLab   | Found a transporter.
 52714 | WizLab   | Found the +1 cloak of Starlight {*Dazzle EV+4 Stlth--}
 52714 | WizLab   | Found a corrupted altar of Lugonu.
 52755 | WizLab   | Found a transporter.
 52786 | WizLab   | Reached skill level 20 in Spellcasting
 52862 | WizLab   | Found a transporter.
 52862 | WizLab   | Found a transporter.
 52928 | WizLab   | Found a transporter.
 52934 | WizLab   | Found a transporter.
 52965 | WizLab   | Found a transporter.
 52973 | WizLab   | Found a corrupted altar of Lugonu.
 52989 | WizLab   | Found a transporter.
 53034 | WizLab   | Found a transporter.
 53035 | WizLab   | Found a transporter.
 53075 | WizLab   | Found a transporter.
 53126 | WizLab   | Found a transporter.
 53163 | WizLab   | Found a transporter.
 53176 | WizLab   | Found a transporter.
 53219 | WizLab   | Found a transporter.
 53301 | WizLab   | Found a transporter.
 53363 | WizLab   | Identified the +1 cloak of Rotation {Harm Will+}
 53488 | WizLab   | Found a transporter.
 53605 | WizLab   | Identified the ring of Kiaqong {Fly Int+3}
 53671 | WizLab   | Found a transporter.
 53817 | WizLab   | Found a transporter.
 53817 | WizLab   | Found a transporter.
 53973 | Elf:3    | Found Yny Jou's Antique Weapon Shop.
 54980 | Elf:3    | Killed Roxanne
 55672 | Elf:3    | Reached skill level 15 in Fighting
 56227 | Elf:3    | Identified the +5 hand axe of a Labyrinth {drain, *Noise
                  | rPois rCorr Int+3}
 56306 | Elf:3    | Noticed a Brimstone Fiend
 56387 | Elf:3    | Identified the ring "Cyumud" {rElec Str+2 SInv}
 56496 | Elf:3    | Found the +8 longbow "Zephyr" {speed, Dex+3 SInv}
 56702 | Elf:3    | Identified the staff of air "Retib" {rElec rF+ Will++}
 57396 | Vaults:1 | Reached XP level 21. HP: 147/155 MP: 0/0
 57396 | Vaults:1 | Learned a level 7 spell: Enfeeble
 58191 | Shoals:1 | Entered Level 1 of the Shoals
 58231 | Shoals:1 | Found a runed translucent door.
 58233 | Shoals:1 | Noticed Veqic's ghost (journeyman DsFi)
 58551 | Shoals:1 | Reached skill level 21 in Spellcasting
 59359 | Shoals:1 | Killed Veqic's ghost
 59437 | Shoals:2 | Found the brooch of Shielding {Spirit SH+8}
 59680 | Shoals:2 | Reached skill level 10 in Armour
 60053 | Shoals:2 | Found Xocwuhig's Armour Boutique.
 60343 | Shoals:3 | Noticed Jorgrun
 60533 | Shoals:3 | Killed Jorgrun
 61352 | Shoals:4 | Entered Level 4 of the Shoals
 61511 | Shoals:4 | Found a runed translucent gate.
 61511 | Shoals:4 | Found a runed translucent gate.
 61511 | Shoals:4 | Found a runed translucent gate.
 61532 | Shoals:4 | Found a transporter.
 61535 | Shoals:4 | Noticed fly's ghost (adept DgDe)
 62222 | Shoals:4 | Found a transporter.
 62443 | Shoals:4 | Noticed Bai Suzhen
 62471 | Shoals:4 | Killed Bai Suzhen
 62472 | Shoals:4 | Reached XP level 22. HP: 83/163 MP: 0/0
 62608 | Shoals:4 | Got a barnacled rune of Zot
 63170 | Shoals:4 | Identified the +1 battleaxe "Xirrog" {heavy, rPois rC+}
 63815 | Shoals:4 | Killed fly's ghost
 63859 | Shoals:4 | Identified the -1 hat of Cloud Cover {Rampage Str+3}
 64075 | D:9      | Acquired 858 gold pieces
 64080 | D:9      | Acquired a +4 vampiric war axe
 64310 | Vaults:2 | HP: 5/163 [yaktaur/bolt[a vault warden] (26)]
 64332 | Vaults:2 | HP: 2/164 [dire elephant (24)]
 64434 | Vaults:1 | Reached skill level 10 in Shields
 64463 | Vaults:2 | HP: 7/164 [ironbound thunderhulk/bolt of lightning (6)]
 65774 | Vaults:2 | Noticed Frederick
 65785 | Vaults:2 | Killed Frederick
 66357 | Vaults:3 | Reached skill level 22 in Spellcasting
 66441 | Vaults:3 | Found a staircase to the Crypt.
 66935 | Vaults:3 | Reached XP level 23. HP: 146/171 MP: 0/0
 66935 | Vaults:3 | Learned a level 8 spell: Ignition
 66948 | Vaults:3 | Noticed Xtahua
 66956 | Vaults:3 | Killed Xtahua
 67669 | Vaults:4 | Noticed Zenata
 67974 | Vaults:4 | Killed Zenata
 68198 | Vaults:4 | Identified the +1 robe of Negligence {rF+}
 68455 | Vaults:4 | Identified the -1 pair of gloves "Qauvyif" {Will+ Str+3}
 70204 | D:9      | Acquired an amulet of regeneration
 70590 | Depths:1 | Entered Level 1 of the Depths
 70590 | Depths:1 | Found a gateway to Hell.
 70596 | Depths:1 | Noticed Nikola
 70606 | Depths:1 | Killed Nikola
 70804 | Depths:1 | Found Pepojun's Assorted Antiques.
 70813 | Depths:1 | Bought a jewelled spear for 296 gold pieces
 70813 | Depths:1 | Identified the +3 spear of Departure {spect, Drain rPois
                  | rN++ Str-4} (You bought it in a shop on level 1 of the
                  | Depths)
 70837 | Depths:1 | Bought a twisted sling for 240 gold pieces
 70837 | Depths:1 | Identified the +7 sling of Duty {freeze, rC+ Will+} (You
                  | bought it in a shop on level 1 of the Depths)
 71651 | Depths:2 | Reached XP level 24. HP: 122/181 MP: 0/0
 71877 | Depths:2 | You are sucked into a shaft and drop 1 floor!
 71891 | Depths:3 | Noticed a golden dragon
 71899 | Depths:3 | Noticed a golden dragon
 72071 | Depths:2 | Found Suomelee's General Store.
 72072 | Depths:2 | Found Ycrut's Magic Scroll Shoppe.
 72072 | Depths:2 | Found Iluckam's Antique Armour Emporium.
 72075 | Depths:2 | Found Arruah's Antique Weapon Emporium.
 72095 | Depths:2 | Bought a scroll of magic mapping for 75 gold pieces
 72095 | Depths:2 | Bought a scroll of summoning for 95 gold pieces
 72152 | Depths:2 | Reached skill level 23 in Spellcasting
 72492 | Depths:2 | Found a one-way gateway to a ziggurat.
 72493 | Depths:2 | Found a one-way gate leading to the halls of Pandemonium.
 73306 | Depths:3 | Noticed a golden dragon
 73315 | Depths:3 | Killed a golden dragon
 73463 | Depths:3 | Killed a golden dragon
 73649 | Depths:3 | Found a one-way gate to the infinite horrors of the Abyss.
 73825 | Depths:3 | Killed a golden dragon
 73944 | Depths:3 | Found a broken altar of Ashenzari.
 74115 | Depths:4 | Entered Level 4 of the Depths
 74158 | Depths:4 | Noticed a juggernaut
 74167 | Depths:4 | Killed a juggernaut
 74690 | Depths:4 | Noticed a caustic shrike
 74690 | Depths:4 | Noticed a caustic shrike
 74695 | Depths:4 | Noticed a caustic shrike
 74695 | Depths:4 | Killed a caustic shrike
 74698 | Depths:4 | Killed a caustic shrike
 74699 | Depths:4 | Killed a caustic shrike
 74700 | Depths:4 | Reached XP level 25. HP: 132/191 MP: 0/0
 74700 | Depths:4 | Learned a level 8 spell: Borgnjor's Revivification
 74868 | Depths:4 | Noticed the Enchantress
 74877 | Depths:3 | Killed the Enchantress
 74928 | Depths:4 | Reached skill level 15 in Shields
 75359 | Depths:4 | Found Omuruclu's Weapon Shop.
 75769 | Depths:4 | Found a gate to the Realm of Zot.
 76200 | D:9      | Acquired the +1 kite shield "Xuimem" {Rampage rN++ Dex-4
                  | Slay+2}
 76205 | D:9      | Acquired a manual of Fighting
 76360 | Depths:2 | Bought a scroll of acquirement for 1196 gold pieces
 76728 | Crypt:1  | Entered Level 1 of the Crypt
 79036 | Crypt:3  | Entered Level 3 of the Crypt
 79171 | Crypt:3  | Reached skill level 15 in Armour
 79986 | Crypt:3  | Found a staircase to the Tomb.
 80191 | Crypt:3  | Noticed an ancient lich
 80191 | Crypt:3  | Noticed a dread lich
 80206 | Crypt:3  | Killed a dread lich
 80207 | Crypt:3  | Reached skill level 24 in Spellcasting
 80207 | Crypt:3  | Reached XP level 26. HP: 52/201 MP: 0/0
 80209 | Crypt:3  | Killed an ancient lich
 80312 | Crypt:3  | Noticed a dread lich
 80312 | Crypt:3  | Noticed a dread lich
 80770 | Crypt:3  | Killed a dread lich
 80786 | Crypt:3  | Killed a dread lich
 80835 | Crypt:3  | Identified the +1 spear of the World {vamp, rC+ Int+2}
 81390 | Vaults:5 | Entered Level 5 of the Vaults
 81390 | Vaults:5 | Noticed an ancient lich
 81397 | Vaults:5 | Killed an ancient lich
 81578 | Vaults:5 | Identified the +2 sling of the Sun {drain, rElec Str+3}
 81602 | Vaults:5 | Found Opsuric's Magic Scroll Shoppe.
 81606 | Vaults:5 | Bought a scroll of teleportation for 42 gold pieces
 81606 | Vaults:5 | Bought a scroll of blinking for 105 gold pieces
 81707 | Vaults:5 | Found Jakhor's Distillery.
 81715 | Vaults:5 | Bought a potion of brilliance for 84 gold pieces
 81715 | Vaults:5 | Bought a potion of brilliance for 84 gold pieces
 81730 | Vaults:5 | Noticed an ancient lich
 81735 | Vaults:5 | Killed an ancient lich
 81737 | Vaults:5 | Found Xyusuru Piwa's Magic Scroll Emporium.
 82301 | Vaults:5 | Identified the +8 rapier of Generosity {heavy, Dex+2
                  | Stlth+}
 82379 | Vaults:5 | Noticed a dread lich
 82387 | Vaults:5 | Killed a dread lich
 82460 | Vaults:5 | Identified the staff of fire "Yrphacafu" {rPois rF+ rC+ rN+
                  | Str+3}
 82469 | Vaults:5 | Got a silver rune of Zot
 82472 | Vaults:5 | Identified the +7 chain mail "Qimyle Kuat" {rC+ rCorr MP+9
                  | Stlth+}
 82771 | Vaults:5 | Reached skill level 25 in Spellcasting
 82792 | Vaults:5 | Reached XP level 27. HP: 180/213 MP: 0/0
 82792 | Vaults:5 | Learned a level 9 spell: Polar Vortex
 82792 | Vaults:5 | Identified the +9 sling "Virghuvise" {drain, rElec Str-3
                  | Int+8 Dex-4}
 82892 | Vaults:5 | Identified the +0 helmet of Marbles {*Corrode rPois Str+8
                  | Int-5}
 82896 | Vaults:5 | Identified the +6 scale mail of Somewhere Else {rF+ rC+}
 82969 | Vaults:5 | Identified the +1 mace "Hellblazer" {freeze, Int+2 Dex+3
                  | Stlth-}
 83709 | Vaults:5 | Bought a scroll of teleportation for 48 gold pieces
 83709 | Vaults:5 | Bought a scroll of fog for 64 gold pieces
 83709 | Vaults:5 | Bought a scroll of teleportation for 48 gold pieces
 83709 | Vaults:5 | Bought a scroll of noise for 16 gold pieces
 83709 | Vaults:5 | Bought a scroll of teleportation for 48 gold pieces
 83720 | Vaults:5 | Bought a potion of cancellation for 168 gold pieces
 83720 | Vaults:5 | Bought a potion of curing for 63 gold pieces
 83720 | Vaults:5 | Bought a potion of cancellation for 168 gold pieces
 83720 | Vaults:5 | Bought a potion of curing for 63 gold pieces
 83720 | Vaults:5 | Bought 2 potions of might for 168 gold pieces
 84000 | D:9      | Acquired 742 gold pieces
 84034 | D:9      | Acquired 276 gold pieces
 84036 | D:9      | Acquired 800 gold pieces
 84038 | D:9      | Acquired a manual of Shields
 84129 | Slime:1  | Entered Level 1 of the Pits of Slime
 84577 | Slime:5  | Entered Level 5 of the Pits of Slime
 84863 | Slime:5  | Noticed the Royal Jelly
 84866 | Slime:5  | Killed the Royal Jelly
 85151 | Slime:5  | Found the +8 trishula "Condemnation" {holy, anguish, *Noise
                  | Fly rN+}
 85155 | Slime:5  | Identified the +0 robe "Nucwuvej" {rF+}
 85170 | Slime:5  | Got a slimy rune of Zot
 85214 | Slime:5  | Identified the ring of Fuaf Ygu {rElec rPois rF+++ Int-3
                  | Dex-3}
 85241 | Slime:5  | Identified the staff of death "Manesusij" {rN+ Int+2 Dex+5}
 85672 | D:9      | Acquired the ring of Qarobid {rElec rC+ Will- Dex+2}
 85813 | Orc:2    | Bought a potion of curing for 39 gold pieces
 85813 | Orc:2    | Bought a potion of heal wounds for 65 gold pieces
 85813 | Orc:2    | Bought a potion of curing for 39 gold pieces
 85813 | Orc:2    | Bought 2 potions of mutation for 208 gold pieces
 85983 | Depths:2 | Bought a scroll of fear for 40 gold pieces
 85983 | Depths:2 | Bought a scroll of noise for 10 gold pieces
 85986 | Depths:2 | Bought a scroll of teleportation for 69 gold pieces
 86103 | Zot:1    | Entered Level 1 of the Realm of Zot
 87409 | Zot:2    | Reached skill level 26 in Spellcasting
 88034 | Zot:2    | Noticed an orb of fire
 88044 | Zot:2    | Gained mutation: You are dopey. (Int -2) [an orb of fire]
 88046 | Zot:2    | Killed an orb of fire
 88921 | Zot:3    | Reached skill level 10 in Axes
 88982 | Zot:3    | Identified the +5 chain mail of the Mind {Harm rF+ Will-
                  | Dex+5}
 89136 | Zot:3    | Found a huge runed gate.
 89136 | Zot:3    | Found a huge runed gate.
 89137 | Zot:3    | Found a huge runed gate.
 89137 | Zot:3    | Found a huge runed gate.
 89138 | Zot:3    | Found a huge runed gate.
 89138 | Zot:3    | Found a huge runed gate.
 89139 | Zot:3    | Found a huge runed gate.
 89140 | Zot:3    | Found a huge runed gate.
 89140 | Zot:3    | Found a huge runed gate.
 89140 | Zot:3    | Found a huge runed gate.
 89140 | Zot:3    | Found a huge runed gate.
 89141 | Zot:3    | Found a huge runed gate.
 89142 | Zot:3    | Found a huge runed gate.
 89143 | Zot:3    | Found a huge runed gate.
 89144 | Zot:3    | Found a huge runed gate.
 89145 | Zot:3    | Found a huge runed gate.
 89159 | Zot:3    | Found a huge runed gate.
 89159 | Zot:3    | Found a huge runed gate.
 89159 | Zot:3    | Found a huge runed gate.
 89159 | Zot:3    | Found a huge runed gate.
 89160 | Zot:3    | Found a huge runed gate.
 89201 | Zot:3    | Found a huge runed gate.
 89202 | Zot:3    | Found a huge runed gate.
 89409 | Zot:3    | Found a huge runed gate.
 89410 | Zot:3    | Found a huge runed gate.
 89410 | Zot:3    | Found a huge runed gate.
 89410 | Zot:3    | Found a huge runed gate.
 89410 | Zot:3    | Found a huge runed gate.
 89412 | Zot:3    | Found a huge runed gate.
 89413 | Zot:3    | Found a huge runed gate.
 89420 | Zot:3    | Found a huge runed gate.
 89421 | Zot:3    | Found a huge runed gate.
 89432 | Zot:3    | Found a huge runed gate.
 89432 | Zot:3    | Found a huge runed gate.
 89570 | Zot:3    | Found a huge runed gate.
 89570 | Zot:3    | Found a huge runed gate.
 89887 | Zot:3    | Noticed a Killer Klown
 89887 | Zot:3    | Noticed a dread lich
 89888 | Zot:3    | Noticed an orb of fire
 89994 | Zot:3    | Killed a dread lich
 89994 | Zot:3    | Gained mutation: You are clumsy. (Dex -2) [an orb of fire]
 89995 | Zot:3    | Killed an orb of fire
 90138 | Zot:3    | Killed a Killer Klown
 90404 | Zot:3    | Identified the amulet of Hard Scrabble {Spirit Harm rElec
                  | rF+ Str+2}
 90406 | Zot:3    | Identified the +10 glaive "Tiraaloy" {speed, Will- rCorr
                  | MP+9 Dex+5}
 90411 | Zot:3    | Identified the ring of Egingure {Fly rElec Dex+6}
 91594 | Zot:4    | Noticed a Killer Klown
 91602 | Zot:4    | Killed a Killer Klown
 92388 | Zot:5    | Entered Level 5 of the Realm of Zot
 92606 | Zot:5    | Acquired the ring of Nohock {Ice rCorr MP+9 Int+3 Slay+3
                  | Stlth+}
 93183 | Zot:5    | Noticed an orb of fire
 93184 | Zot:5    | Noticed an orb of fire
 93188 | Zot:5    | Noticed an orb of fire
 93191 | Zot:5    | Noticed an orb of fire
 93193 | Zot:5    | Killed an orb of fire
 93198 | Zot:5    | Noticed an orb of fire
 93199 | Zot:5    | Killed an orb of fire
 93199 | Zot:5    | Gained mutation: Your spells are a little easier to cast,
                  | but a little less powerful. [an orb of fire]
 93202 | Zot:5    | Killed an orb of fire
 93202 | Zot:5    | Noticed an orb of fire
 93203 | Zot:5    | Reached skill level 27 in Spellcasting
 93205 | Zot:5    | Noticed an orb of fire
 93205 | Zot:5    | Gained mutation: You are very dopey. (Int -4) [an orb of
                  | fire]
 93274 | Zot:4    | Lost mutation: Your spells are a little easier to cast, but
                  | a little less powerful. [potion of mutation]
 93274 | Zot:4    | Lost mutation: You are very dopey. (Int -4) [potion of
                  | mutation]
 93274 | Zot:4    | Gained mutation: You are partially covered in iridescent
                  | scales. (AC +2) [potion of mutation]
 93274 | Zot:4    | Lost mutation: You are dopey. (Int -2) [potion of mutation]
 93274 | Zot:4    | Gained mutation: You have a pair of small antennae on your
                  | head. [potion of mutation]
 93274 | Zot:4    | Gained mutation: Your muscles are strong. (Str +4, Int/Dex
                  | -1) [potion of mutation]
 93363 | Zot:5    | Gained mutation: You occasionally lose the ability to read
                  | scrolls when taking damage. [an orb of fire]
 93450 | Zot:5    | Noticed a Killer Klown
 93454 | Zot:5    | Noticed a Killer Klown
 93456 | Zot:5    | Killed a Killer Klown
 93462 | Zot:4    | Killed a Killer Klown
 93541 | Zot:5    | Noticed a Killer Klown
 93548 | Zot:5    | Killed a Killer Klown
 93787 | Zot:5    | Gained mutation: You have a pair of antennae on your head.
                  | [an orb of fire]
 93788 | Zot:5    | Gained mutation: You sometimes lose the ability to read
                  | scrolls when taking damage. [an orb of fire]
 93795 | Zot:5    | Killed an orb of fire
 93822 | Zot:5    | Gained mutation: Your spells are a little easier to cast,
                  | but a little less powerful. [an orb of fire]
 93831 | Zot:4    | Gained mutation: You occasionally lose the ability to drink
                  | potions when taking damage. [an orb of fire]
 93835 | Zot:4    | Killed an orb of fire
 93941 | Zot:5    | Killed an orb of fire
 93943 | Zot:5    | Killed an orb of fire
 93967 | Zot:5    | Lost mutation: Your muscles are strong. (Str +4, Int/Dex
                  | -1) [potion of mutation]
 93967 | Zot:5    | Lost mutation: You are partially covered in iridescent
                  | scales. (AC +2) [potion of mutation]
 93967 | Zot:5    | Gained mutation: You are partially covered in iridescent
                  | scales. (AC +2) [potion of mutation]
 93967 | Zot:5    | Gained mutation: Armour fits poorly on your strangely
                  | shaped body. [potion of mutation]
 93967 | Zot:5    | Gained mutation: You expend health (3 HP) to strengthen
                  | your wands. [potion of mutation]
 93968 | Zot:5    | Lost mutation: You expend health (3 HP) to strengthen your
                  | wands. [potion of mutation]
 93968 | Zot:5    | Lost mutation: You occasionally lose the ability to drink
                  | potions when taking damage. [potion of mutation]
 93968 | Zot:5    | Lost mutation: You are clumsy. (Dex -2) [potion of
                  | mutation]
 93968 | Zot:5    | Lost mutation: Your spells are a little easier to cast, but
                  | a little less powerful. [potion of mutation]
 93968 | Zot:5    | Gained mutation: You are strong-willed. (Will+) [potion of
                  | mutation]
 93969 | Zot:5    | Lost mutation: You are partially covered in iridescent
                  | scales. (AC +2) [potion of mutation]
 93969 | Zot:5    | Lost mutation: You sometimes lose the ability to read
                  | scrolls when taking damage. [potion of mutation]
 93969 | Zot:5    | Gained mutation: Your muscles are strong. (Str +4, Int/Dex
                  | -1) [potion of mutation]
 93970 | Zot:5    | Lost mutation: Armour fits poorly on your strangely shaped
                  | body. [potion of mutation]
 93970 | Zot:5    | Lost mutation: You occasionally lose the ability to read
                  | scrolls when taking damage. [potion of mutation]
 93970 | Zot:5    | Gained mutation: You are highly strong-willed. (Will++)
                  | [potion of mutation]
 93970 | Zot:5    | Gained mutation: You have sharp fingernails. [potion of
                  | mutation]
 93970 | Zot:5    | Gained mutation: You are somewhat resistant to further
                  | mutation. [potion of mutation]
 93990 | Zot:5    | Noticed an orb of fire
 93990 | Zot:5    | Gained mutation: You sometimes lose your temper in combat.
                  | [an orb of fire]
 94000 | Zot:5    | Killed an orb of fire
 94171 | Zot:5    | Noticed an orb of fire
 94184 | Zot:5    | Killed an orb of fire
 94206 | Zot:5    | Noticed a dread lich
 94220 | Zot:5    | Noticed an ancient lich
 94221 | Zot:5    | Killed a dread lich
 94225 | Zot:5    | Killed an ancient lich
 94354 | Zot:5    | Noticed an orb of fire
 94360 | Zot:5    | Killed an orb of fire
 96125 | Zot:5    | Got the Orb of Zot
 96486 | D:9      | Identified the -1 buckler of Egalitarianism {Str+3}
 96611 | D:1      | Woot! Wu Djiann
 96612 | D:$      | Escaped with the Orb!

Illustrated notes

#........#.....#...#....
#######.........).......
####.....#......######
#>..............# ##
#####.###..#....# #.
#8'''8#.......#####.
#.###.#.....).......
##...#..####.######.
#..@..#......# ##
########..##########
#............
#.#.......###
#.##......# #
#.........# #
#.........###
#######..........#^
#.....).#....#...#.


Turn 96611 on D:1: Woot! Wu Djiann

Levels and vault maps discovered:
D:1:      saegor_arrival_simple_c, layout_basic, hex_medium, minmay_pentomino_r4
D:2:      layout_loops_ring, hellmonk_ecumenical_altar_slurped_away
D:3:      cheibrodos_helix_gallery, layout_loops_ring, lemuel_flame_loot_1,
          uniq_sigmund, uniq_natasha
D:4:      layout_loops_ring, nicolae_tso_swordbearing_angel, minitemple,
          minmay_diced_spiral
D:5:      nicolae_cairo_tiling_large, layout_rooms, cheibriados_altar_1,
          grunt_qazlal_sundering, gammafunk_temple_overflow_elements,
          minmay_temple_entry_arrows, nicolae_shop_vocational
D:6:      layout_loops_corners, nicolae_hepliaklqana_hippocampus,
          hangedman_feature_mirror
D:7:      layout_rooms, grunt_ministairs_5, minmay_chambers_of_fives,
          uniq_joseph
D:8:      minmay_opposing_rooms, layout_loops_corners, nicolae_vehumet_radiance,
          minivault_10, chequers_serial_rivers_micro_a,
          nicolae_shop_i_like_big_books, nicolae_shop_clearance
D:9:      layout_small_grid, minmay_lair_entry_grove,
          lightli_bailey_entry_fortress, chequers_serial_rivers_room_a,
          corexii_leaking_fountain, serial_bayou_lagoon_a, nrook_mini_vaults,
          supply_closet_lemuel, wad_scary_box
D:10:     layout_loops_ring, mainiacjoe_overflow_chevrons, fedhas_altar_4,
          zin_scriptorium, serial_shops, shop, shop, nicolae_shop_stone,
          kennysheep_little_box, minmay_misc_feat_rows, uniq_erolcha
D:11:     layout_basic, hiddenorc2_lemuel, okawaru_gym_becter
D:12:     layout_basic, gauntlet_entry_generic, uniq_maurice
D:13:     layout_basic, uniq_azrael
D:14:     layout_cave_pools, hangedman_vaults_entry_quadrant_bands,
          serial_undead, serial_undead_b, serial_undead_a, serial_undead_d,
          serial_undead_b, serial_park_tiny_1, roderic_serpentine_path,
          hangedman_aviary
D:15:     grunt_enter_depths_hoard, layout_gridville, grunt_decor_junction,
          uniq_louise, uniq_nessos
Temple:   jpeg_temple_alley_garden
Lair:1:   layout_loops_ring, uniq_gastronok
Lair:2:   layout_cave_pods, grunt_megastairs_3, uniq_fannar
Lair:3:   regret_index_combs_of_tragedy, layout_layer_cave,
          minmay_shoals_entry_centaurs, nicolae_spider_entry_lesser_pyramids,
          minivault_26, chequers_serial_rivers_small_a
Lair:4:   beast_lair_carwin_large_4, layout_cave_shapes
Lair:5:   evilmike_catoblepas_cave, layout_regular_city,
          minmay_slime_entry_eyes, grunt_megastairs_1,
          infiniplex_staircase_pool, uniq_rupert
Shoals:1: layout_shoals, ebering_ghost_inner_flame, nicolae_shoals_spectral_cove
Shoals:2: layout_shoals, serial_shops, shop
Shoals:3: layout_shoals, st_shoals_ruin, uniq_jorgrun
Shoals:4: shoals_end_hangedman, layout_shoals,
          gammafunk_ghost_berserking_beasts, nicolae_shoals_beach_cooler,
          uniq_bai_suzhen
Spider:1: nicolae_spider_hilbert_zone_3 [nicolae_spider_hilbert_4_sides_2_open,
          nicolae_spider_hilbert_3_sides_1_open,
          nicolae_spider_hilbert_3_sides_1_open,
          nicolae_spider_hilbert_3_sides_1_open,
          nicolae_spider_hilbert_3_sides_1_open,
          nicolae_spider_hilbert_4_sides_1_open,
          nicolae_spider_hilbert_4_sides_1_open,
          nicolae_spider_hilbert_4_sides_1_open,
          nicolae_spider_hilbert_4_sides_1_open,
          nicolae_spider_hilbert_4_sides_1_open,
          nicolae_spider_hilbert_4_sides_1_open,
          nicolae_spider_hilbert_4_sides_1_open,
          nicolae_spider_hilbert_4_sides_1_open,
          nicolae_spider_hilbert_3_sides_1_open,
          nicolae_spider_hilbert_3_sides_1_open,
          nicolae_spider_hilbert_3_sides_1_open,
          nicolae_spider_hilbert_3_sides_1_open]
Spider:2: layout_spider_delve, drop_trap, uniq_aizul, uniq_arachne, uniq_donald
Spider:3: layout_spider_delve, hellmonk_watch_for_rolling_rocks
Spider:4: grunt_spider_rune_island, gammafunk_ghost_mausoleum
Slime:1:  layout_caves
Slime:2:  layout_caves
Slime:3:  layout_caves
Slime:4:  layout_caves
Slime:5
Orc:1:    layout_caves, basic_altar, nooodl_orcs_dogs
Orc:2:    st_orc_rangers, layout_caves, nicolae_volcano_entry_batcave,
          nicolae_shop_firing_range, uniq_urug
Elf:1:    nicolae_elf_arrival_fired_up, layout_gridlike,
          portal_ice_cave_entry_ice_simulacra, minmay_elf_annihilation
Elf:2:    nicolae_elf_blades_splatter_lattice
          [nicolae_blade_entry_hurt_lockers], layout_geoelf_octagon,
          serial_shops, nicolae_shop_behind_doors
Elf:3:    elf_hall_gauntlet_wide, layout_gridlike, serial_shops, shop,
          mu_enter_wizlab_4, hangedman_elf_represent, uniq_roxanne
Vaults:1: st_more_cells, v_rooms_4, nicolae_vaults_little_squares_6,
          v_alt_pattern_5, ontoclasm_vaults_idyll, vaults_room_grid,
          nicolae_vaults_three_branches, v_alt_pattern_3,
          hangedman_vaults_snaps, v_misc_24, grunt_vaults_bifocal,
          nicolae_vaults_little_squares_1, layout_vaults_maze, serial_shops,
          bzr_firewalk
Vaults:2: v_pattern_2, ontoclasm_vaults_ligature, vaults_mumra_minichess,
          nicolae_vaults_rhombus_6, grunt_vaults_trifunnel,
          vaults_dpeg_diagonal, nicolae_vaults_network_quinsquares
          [nicolae_vaults_network_quincunx_subvault,
          nicolae_vaults_network_quincunx_subvault,
          nicolae_vaults_network_quincunx_subvault,
          nicolae_vaults_network_quincunx_subvault], vaults_mumra_chevron_long,
          v_misc_23, vaults_dpeg_ring, layout_vaults_omnicross, uniq_frederick
Vaults:3: ontoclasm_vaults_pinch, hangedman_vaults_maws,
          hangedman_vaults_stream, nicolae_vaults_diagonal_hallway_6,
          hangedman_vaults_restitches, nicolae_vaults_hallways_thing,
          ontoclasm_vaults_idyll, minmay_crypt_entry_simple_round,
          nicolae_vaults_an_arrangement, ontoclasm_vaults_chip,
          ontoclasm_vaults_idyll, vaults_room_semicircle, v_misc_27,
          vaults_dpeg_emergency_exit, layout_vaults_ring, serial_glass,
          uniq_xtahua
Vaults:4: dpeg_vaults_monster_row, v_misc_9, vaults_room_ringed_pool,
          vaults_mumra_minichess_inversion, vaults_room_boxed,
          hangedman_vaults_nails, nicolae_vaults_circle_grid_a,
          nicolae_vaults_ninety_degrees, vaults_room_glass_cross,
          ontoclasm_vaults_twist, layout_vaults_chaotic_city, uniq_zenata
Vaults:5
Crypt:1:  layout_gridlike, fountainhead, st_stairs_6, grunt_megastairs_5
Crypt:2:  layout_catacombs
Crypt:3:  david_glass_crypt, layout_rooms,
          nicolae_tomb_entry_unfolded_pyramid_orthogonal
Depths:1: layout_cave_pools, hell_entry, glass_columns_c, serial_shops, shop,
          st_stairs_10, kiku_gazebo_pond_becter, uniq_nikola
Depths:2: minmay_open_boxes_in_corner, layout_twisted_cross, enter_ziggurat_b,
          pan_entry, lightli_too_deep, nicolae_triple_integral,
          minmay_shoptagon, firewood_loft, infiniplex_staircase_pool_2
Depths:3: minmay_dotted_concentric_squares, layout_cross, hell_entry,
          serial_sigils_hangedman_gnaw, abyss_entry_small_statue_room,
          nicolae_ashenzari_skybound
Depths:4: grunt_x_marks_the_spot, layout_basic, chequers_serial_rivers_room_a,
          pan_entry, serial_sigils, serial_sigils_hangedman_gut,
          serial_sigils_hangedman_writhe, serial_sigils_hangedman_gut,
          serial_sigils_hangedman_scratch, serial_sigils_hangedman_snap,
          hell_entry, serial_shops, nicolae_lakefront_shop, uniq_enchantress
Zot:1:    layout_basic, st_single_dragon_hoard_4, st_small_dragon_hoard_1
Zot:2:    layout_concentric_octagons
Zot:3:    layout_gridlike, door_vault
Zot:4:    layout_concentric_octagons
Zot:5:    layout_concentric_octagons, skrybe_zot_glass_3

Skill      XL: |  1  2  3  4  5  6  7  8  9 10 11 12 13 14 15 16 17 18 19 20 21 22 23 24 25 26 27 |
---------------+----------------------------------------------------------------------------------+-----
Spellcasting   | 3 4 5 6 8 9 11 13 14 15 16 17 18 19 20 21 22 23 24 25 27 | 27.0
Fighting       | 1 2 3 4 5 6 7 9 10 11 12 13 14 15 16 17 19 20 22 25 | 25.1
Armour         | 1 2 3 4 6 7 8 9 11 12 14 15 | 15.6
Dodging        | 3 4 5 6 8 9 10 11 12 | 12.0
Shields        | 3 4 5 7 8 9 10 12 14 15 18 | 18.0
Axes           | 3 5 6 7 8 13 | 13.0
Stealth        | |  1.5

Action                     |  1- 3 |  4- 6 |  7- 9 | 10-12 | 13-15 | 16-18 | 19-21 | 22-24 | 25-27 || total
---------------------------+-------+-------+-------+-------+-------+-------+-------+-------+-------++-------
  Melee: Short sword       |       |       |    31 |    33 |    61 |       |       |       |       ||   125
         Punch             |       |       |     1 |       |     1 |       |       |       |       ||     2
         War axe           |       |       |       |       |    37 |   174 |    28 |   131 |     9 ||   379
   Cast: Magic Dart        |   118 |    91 |   377 |   313 |   348 |    19 |    16 |     3 |    25 ||  1310
         Mephitic Cloud    |       |     7 |    33 |    35 |    44 |    14 |     8 |     3 |     1 ||   145
         Call Imp          |       |     1 |    18 |     3 |     1 |       |       |     3 |       ||    26
         Frozen Ramparts   |       |       |    16 |    18 |    11 |       |       |       |       ||    45
         Blink             |       |       |     3 |     3 |       |     1 |       |     1 |       ||     8
         Slow              |       |       |     1 |       |     1 |       |       |       |       ||     2
         Gell's Gravitas   |       |       |     1 |    40 |   122 |    54 |    25 |    14 |     1 ||   257
         Iskenderun's Myst |       |       |       |    43 |   322 |   234 |    69 |    92 |   176 ||   936
         Alistair's Intoxi |       |       |       |       |     9 |    23 |    11 |    13 |     1 ||    57
         Iron Shot         |       |       |       |       |   119 |   295 |   428 |   363 |   696 ||  1901
         Malign Gateway    |       |       |       |       |       |    33 |    53 |    50 |    57 ||   193
         Enfeeble          |       |       |       |       |       |       |    53 |   130 |   282 ||   465
         Ignition          |       |       |       |       |       |       |       |    58 |   171 ||   229
         Death Channel     |       |       |       |       |       |       |       |     1 |       ||     1
         Polar Vortex      |       |       |       |       |       |       |       |       |     6 ||     6
 Invoke: Serpent's Lash    |       |       |       |       |       |     2 |     2 |     6 |     1 ||    11
         Heavenly Storm    |       |       |       |       |       |       |       |     2 |       ||     2
Ability: Lunge             |       |       |     1 |     1 |     8 |    19 |     1 |    12 |       ||    42
         Whirlwind         |       |       |       |     1 |    11 |    13 |    15 |    68 |     8 ||   116
         Wall Jump         |       |       |       |       |       |       |       |     8 |       ||     8
  Evoke: Wand              |       |       |       |       |       |     1 |       |     2 |     7 ||    10
    Use: Scroll            |       |       |       |    15 |    10 |     8 |     4 |     9 |    35 ||    81
         Potion            |       |       |       |     2 |       |       |       |     4 |    17 ||    23
   Stab: Confused          |       |       |     3 |     5 |     5 |     3 |     2 |     3 |       ||    21
         Invisible         |       |       |       |       |       |       |     1 |       |       ||     1
 Armour: Robe              |       |     3 |       |       |       |    21 |     1 |       |       ||    25
         Leather armour    |       |     3 |    15 |    13 |    24 |    12 |    17 |       |       ||    84
         Chain mail        |       |       |       |       |       |   176 |    38 |    82 |   102 ||   398
         Ring mail         |       |       |       |       |       |       |     3 |       |       ||     3
         Troll leather arm |       |       |       |       |       |       |     8 |     1 |       ||     9
  Dodge: Dodged            |    14 |    12 |   101 |    92 |   200 |   396 |    90 |   107 |    82 ||  1094
  Block: Other             |     3 |     2 |    29 |    14 |       |       |       |       |       ||    48
         Buckler           |       |       |       |       |       |    70 |       |       |       ||    70
         Reflection        |       |       |       |       |       |     5 |    25 |    23 |       ||    53
         Kite shield       |       |       |       |       |       |    28 |    96 |   111 |   118 ||   353

Table legend: (Time is in decaauts)
 A = Elapsed time spent in this place.
 B = Non-inter-level travel time spent in this place.
 C = Inter-level travel time spent in this place.
 D = Time resting spent in this place.
 E = Time spent auto-exploring this place.
 F = Levels seen in this place.
 G = Mean time per level.
                   A        B        C        D        E       F      G
               +--------+--------+--------+--------+--------+-----+--------+
         Total |  96980 |  83601 |  13379 |  22724 |  31987 |  62 | 1564.2 |
       Dungeon |  24930 |  19610 |   5320 |   4040 |  10328 |  15 | 1662.0 |
        Temple |     69 |     41 |     28 |      0 |     30 |   1 |   69.0 |
          Lair |  13051 |  11796 |   1255 |   4884 |   4393 |   5 | 2610.2 |
        Shoals |   5678 |   5370 |    308 |   1125 |   1658 |   4 | 1419.5 |
   Spider Nest |   7795 |   7434 |    361 |   3559 |   1717 |   4 | 1948.8 |
    Slime Pits |   1449 |   1317 |    132 |    321 |    272 |   5 |  289.8 |
  Orcish Mines |   3500 |   2756 |    744 |    531 |   1217 |   2 | 1750.0 |
   Elven Halls |   5181 |   4273 |    908 |   1161 |   1303 |   3 | 1727.0 |
        Vaults |  10850 |   9375 |   1475 |   2367 |   3232 |   5 | 2170.0 |
         Crypt |   4017 |   3550 |    467 |    562 |   1531 |   3 | 1339.0 |
        Depths |   5772 |   4793 |    979 |    873 |   1916 |   4 | 1443.0 |
           Zot |   9772 |   8374 |   1398 |   1382 |   3762 |   5 | 1954.4 |
        Bazaar |    106 |    106 |      0 |      0 |     52 |   1 |  106.0 |
        Bailey |   1179 |   1179 |      0 |    581 |     45 |   1 | 1179.0 |
      Ice Cave |   1188 |   1188 |      0 |    566 |      0 |   1 | 1188.0 |
       Volcano |    560 |    560 |      0 |    277 |     44 |   1 |  560.0 |
        Wizlab |   1197 |   1197 |      0 |    214 |    397 |   1 | 1197.0 |
      Gauntlet |    675 |    675 |      0 |    279 |     90 |   1 |  675.0 |
               +--------+--------+--------+--------+--------+-----+--------+

Top non-repeatable levels by time:
  Lair:3: 3591 daAuts
     D:9: 2957 daAuts
   Zot:5: 2760 daAuts
  Lair:5: 2701 daAuts
Vaults:4: 2513 daAuts
  Lair:4: 2429 daAuts
Shoals:4: 2426 daAuts
   Zot:3: 2398 daAuts
Vaults:2: 2349 daAuts
Spider:4: 2327 daAuts
  Lair:1: 2314 daAuts
Vaults:5: 2279 daAuts
     D:8: 2271 daAuts
   Elf:3: 2259 daAuts
   Elf:1: 2186 daAuts
